 Dungeon Crawl Stone Soup version 0.23.0-28-g6fe0f4d (webtiles) character file.

Game seed: 0

14121 Hasart the Thaumaturge (level 11, -1/59 (60) HPs)
             Began as a Deep Elf Summoner on Feb 25, 2019.
             Was a High Priest of Sif Muna.
             Slain by a blink frog (18 damage)
             ... on level 6 of the Lair of Beasts on Feb 26, 2019.
             The game lasted 01:06:06 (22410 turns).

Hasart the Thaumaturge (Deep Elf Summoner)         Turns: 22410, Time: 01:06:06

HP:   -1/59 (60)    AC:  8    Str:  5    XL:     11   Next: 84%
MP:   29/29         EV: 17    Int: 24    God:    Sif Muna [*****.]
Gold: 857           SH:  0    Dex: 15    Spells: 14/35 levels left

rFire    . . .     SeeInvis .   T - +2 dagger (venom)
rCold    . . .     Gourm    .   (no shield)
rNeg     . . .     Faith    .   M - +2 robe {MR+}
rPois    +         Spirit   .   H - +0 helmet
rElec    .         Reflect  .   (no cloak)
rCorr    .         Harm     .   (no gloves)
MR       ++...                  U - +2 pair of boots
Stlth    +.........             R - amulet of magic regeneration
HPRegen  0.19/turn              m - ring of poison resistance
MPRegen  0.46/turn              h - ring of attention (curse)

@: no status effects
A: no striking features
a: Divine Energy, Channel Magic, Forget Spell, Renounce Religion


You were on level 6 of the Lair of Beasts.
You worshipped Sif Muna.
Sif Muna was extremely pleased with you.
You were not hungry.

You visited 3 branches of the dungeon, and saw 18 of its levels.
You also visited: Sewer.

You collected 857 gold pieces.

Inventory:

Hand Weapons
 T - a +2 dagger of venom (weapon)
Armour
 H - a +0 helmet (worn)
 M - a +2 robe of magic resistance (worn)
 U - a +2 pair of boots (worn)
Magical Staves
 N - an uncursed staff of fire
Jewellery
 h - a cursed ring of attention (right hand)
 m - a ring of poison resistance (left hand)
 o - an uncursed amulet of the acrobat
 R - an amulet of magic regeneration (around neck)
Wands
 p - a wand of scattershot (10)
 r - a wand of polymorph (6)
 A - a wand of digging (7)
 C - a wand of paralysis (31)
 E - a wand of flame (31)
 O - a wand of acid (4)
 Q - a wand of enslavement (11)
Scrolls
 a - a scroll of summoning {unknown}
 b - 13 scrolls of identify {unknown}
 f - 4 scrolls of immolation {unknown}
 j - 7 scrolls of enchant armour {unknown}
 l - 4 scrolls of teleportation {unknown}
 n - 5 scrolls of remove curse {unknown}
 t - 2 scrolls of enchant weapon {unknown}
 w - 3 scrolls of magic mapping {unknown}
 x - a scroll of noise {unknown}
 y - 3 scrolls of amnesia {unknown}
 G - 7 scrolls of fear {unknown}
 I - 4 scrolls of blinking {unknown}
 K - a scroll of fog {unknown}
 L - a scroll of holy word {unknown}
 P - a scroll of random uselessness {unknown}
 S - a scroll of vulnerability {unknown}
Potions
 d - 3 potions of heal wounds
 e - 2 potions of mutation {unknown}
 g - 8 potions of flight
 i - 4 potions of curing {unknown}
 k - a potion of invisibility {unknown}
 q - a potion of resistance {unknown}
 s - a potion of berserk rage {unknown}
 u - a potion of agility {unknown}
 v - a potion of cancellation {unknown}
 z - 2 potions of brilliance {unknown}
 B - a potion of might {unknown}
 D - a potion of haste {unknown}
 F - 3 potions of magic {unknown}
 J - 2 potions of ambrosia {unknown}
Comestibles
 c - 24 rations
 V - a chunk of flesh


   Skills:
 + Level 3.0 Fighting
 - Level 8.1 Dodging
 - Level 2.4 Stealth
 * Level 12.9 Spellcasting
 + Level 7.1 Hexes
 + Level 12.3 Summonings
 - Level 5.4 Air Magic
 + Level 6.6 Invocations


You had 14 spell levels left.
You knew the following spells:

 Your Spells              Type           Power        Failure   Level  Hunger
a - Summon Small Mammal   Summ           ####         1%          1    None
b - Call Imp              Summ           ######..     1%          2    None
c - Summon Mana Viper     Hex/Summ       ######..     1%          5    ###....
d - Summon Guardian Gole  Hex/Summ       ######..     1%          3    None
e - Summon Lightning Spi  Summ/Air       ######..     1%          4    None
f - Call Canine Familiar  Summ           ######..     1%          3    None
u - Regeneration          Chrm/Necr      ###.......   12%         3    None

Your spell library contained the following spells:

 Spells                   Type           Power        Failure   Level  Hunger
 Summon Butterflies       Summ           ######..     1%          1    None
 Spectral Weapon          Hex/Chrm       ####....     2%          3    None
 Summon Ice Beast         Ice/Summ       #####...     3%          4    None
 Animate Skeleton         Necr           N/A          4%          1    None
 Infusion                 Chrm           ###.         4%          1    None
 Pain                     Necr           ###.         4%          1    None
 Shroud of Golubria       Chrm/Tloc      ###.......   6%          2    None
 Song of Slaying          Chrm           ###.....     6%          2    None
 Vampiric Draining        Necr           ###.......   12%         3    None
 Summon Hydra             Summ           ######....   21%         7    ######.
 Animate Dead             Necr           N/A          36%         4    None


Dungeon Overview and Level Annotations

Branches:
Dungeon (11/15)            Temple (1/1) D:4            Lair (6/6) D:8
 Shoals (0/4) Lair:3        Snake (0/4) Lair:4
  Slime: Lair:5-6       Orc: D:9-12

Altars:
Ashenzari
Dithmenos
Elyvilon
Fedhas
Gozag
Hepliaklqana
Kikubaaqudgha
Makhleb
Qazlal
Ru
Sif Muna
Trog
Uskayaw
Vehumet
Wu Jian
Xom
Zin
The Shining One


Message History

The blink frog blinks! x2
Unknown command.
The blink frog falters for a moment.
The blink frog blinks!
Your mana viper bites the komodo dragon!
Unknown command.
The blink frog blinks!
Unknown command.
Unknown command.
Your mana viper bites the blink frog.
The blink frog dies!
Sif Muna accepts your kill. The blink frog hits you.
The blink frog blinks!
Unknown command.
The blink frog hits you!
* * * LOW HITPOINT WARNING * * *
Unknown command.
The blink frog hits you but does no damage.
Your mana viper disappears in a puff of smoke!
The blink frog hits you!!
You die...

##.#.P#........
##.#...###.....P
###P.#...#......P.
#.................
#...##.......#.P#.
#.####....#...####
##.## #...##...####
#..P###..P#....#..#
###.@F..............
##....t....###......
#.....l.....##P...##
#.#(......ยง.P##.....#.
##...........PP...###.#
#...........P......##.
#..................#..
##.......#........#...
##...P.####......+...


You could see a komodo dragon, a blink frog and a crocodile.

Vanquished Creatures
  Rupert (Lair:3)
  A spiny frog (Lair:6)
  A komodo dragon (Lair:1)
  A blink frog (Lair:6)
  A human (D:7)
  A water moccasin (Lair:6)
  A porcupine (Lair:1)
  2 centaurs
  3 crocodiles
  2 bullfrogs (Lair:4)
  2 scorpions
  A killer bee (D:11)
  3 howler monkeys
  A crimson imp (D:5)
  2 hounds
  3 orc wizards
  An orc priest (D:8)
  An iguana (D:8)
  6 worker ants
  A worker ant zombie (D:6)
  An adder (D:3)
  An ooze (D:6)
  A dart slug (D:1)
  6 leopard geckos
  11 orcs
  8 bats
  4 giant cockroaches
  4 goblins
  3 hobgoblins
  5 jackals
  3 quokkas
  4 frilled lizards
  A jackal skeleton (D:6)
  2 kobolds (D:11)
  5 rats
94 creatures vanquished.

Vanquished Creatures (collateral kills)
  Snorg (Lair:3)
  Josephine (Lair:4)
  Erica (D:10)
  4 hydras
  Sonja (Lair:3)
  An oklob plant (D:6)
  An ugly thing (D:11)
  An elephant (D:8)
  5 spiny frogs
  3 black mambas
  A gargoyle (D:11)
  5 komodo dragons
  Grinder (D:5)
  5 blink frogs (Lair:6)
  3 hippogriffs
  4 wraiths (Lair:4)
  A wyvern (D:10)
  5 yaks
  4 hogs (D:7)
  5 basilisks
  3 nagas (Lair:4)
  2 hell hounds (D:10)
  8 water moccasins
  Duvessa (D:5)
  2 porcupines
  3 ice beasts
  A black bear (Lair:1)
  An orc warrior (D:6)
  Purgy (Sewer)
  2 sky beasts
  A necrophage (D:9)
  3 ogres
  4 centaurs
  7 wolves
  A big kobold (D:11)
  5 crocodiles
  2 bullfrogs
  A gnoll sergeant (D:5)
  Dowan (D:5)
  3 killer bees (D:11)
  3 wights (D:7)
  5 howler monkeys
  A centaur zombie (D:10)
  2 bullfrog zombies
  4 crimson imps
  2 hounds
  8 jellies (D:6)
  3 orc priests
  A centaur skeleton (D:7)
  6 orc wizards
  3 iguanas
  6 worker ants
  3 gnolls (D:5)
  A howler monkey skeleton (D:9)
  7 adders
  9 oozes (D:6)
  2 adder skeletons
  5 worms
  A dart slug (D:3)
  2 leopard geckos (D:6)
  11 orcs
  2 ball pythons (Sewer)
  6 bats
  4 giant cockroaches
  4 goblins
  2 hobgoblins (D:1)
  8 jackals
  7 kobolds
  2 quokkas
  4 frilled lizards
  2 rats
  A fungus (Lair:3)
232 creatures vanquished.

Vanquished Creatures (others)
  An iguana (D:6)
  2 butterflies (D:5)
  12 fungi
  10 plants
25 creatures vanquished.

Grand Total: 351 creatures vanquished

Notes
Turn   | Place    | Note
-------+----------+-------------------------------------------
     0 | D:1      | Hasart the Deep Elf Summoner began the quest for the Orb.
     0 | D:1      | Reached XP level 1. HP: 10/10 MP: 6/6
   650 | D:1      | Reached XP level 2. HP: 6/15 MP: 8/8
   817 | D:1      | Learned a level 2 spell: Call Imp
  1148 | D:1      | Reached skill level 5 in Summonings
  1759 | D:2      | Reached XP level 3. HP: 10/19 MP: 5/10
  2110 | D:2      | Learned a level 3 spell: Call Canine Familiar
  3397 | D:3      | Reached XP level 4. HP: 24/24 MP: 9/12
  4003 | D:4      | Noticed an ogre
  4022 | D:4      | Killed an ogre
  4198 | D:4      | Found a staircase to the Ecumenical Temple.
  4206 | Temple   | Entered the Ecumenical Temple
  4218 | Temple   | Became a worshipper of Sif Muna the Loreminder
  4399 | D:4      | Reached XP level 5. HP: 3/28 MP: 8/14
  5258 | D:4      | Reached skill level 5 in Spellcasting
  5461 | D:4      | Noticed a +0 dagger
  5461 | D:4      | Noticed a +0 hand axe
  5473 | D:4      | Found a hide-covered altar of Uskayaw.
  5674 | D:5      | Entered Level 5 of the Dungeon
  5786 | D:5      | Noticed Grinder
  5808 | D:5      | Paralysed by Grinder for 3 turns
  5809 | D:5      | Noticed Duvessa
  5813 | D:5      | Killed Grinder
  5813 | D:5      | Reached XP level 6. HP: 26/32 MP: 10/16
  5815 | D:5      | Noticed Dowan
  5828 | D:5      | Killed Dowan
  5832 | D:5      | Killed Duvessa
  5996 | D:5      | Reached * piety under Sif Muna
  6035 | D:5      | Reached XP level 7. HP: 35/36 MP: 14/17
  6405 | D:5      | Learned a level 3 spell: Summon Guardian Golem
  6926 | D:5      | Found a shimmering altar of Xom.
  6943 | D:5      | Found a white marble altar of Elyvilon.
  7334 | D:6      | Found a glowing drain.
  7351 | Sewer    | Entered a sewer
  7466 | Sewer    | Noticed Purgy
  7476 | Sewer    | Killed Purgy
  7476 | Sewer    | Reached skill level 5 in Dodging
  7495 | Sewer    | Reached XP level 8. HP: 31/41 MP: 20/20
  8067 | D:6      | Reached ** piety under Sif Muna
  8410 | D:6      | Noticed an oklob plant
  9102 | D:6      | Learned a level 4 spell: Summon Lightning Spire
  9164 | D:6      | Found a stormy altar of Qazlal.
  9371 | D:6      | Killed an oklob plant
  9674 | D:7      | Reached skill level 10 in Summonings
 10230 | D:7      | Reached skill level 1 in Hexes
 10350 | D:7      | Reached skill level 1 in Invocations
 10360 | D:7      | Reached skill level 1 in Air Magic
 10360 | D:7      | Reached XP level 9. HP: 29/45 MP: 17/23
 11440 | D:8      | Reached *** piety under Sif Muna
 11464 | D:8      | Found a staircase to the Lair.
 11464 | D:8      | Noticed an elephant
 11509 | D:8      | Killed an elephant
 11878 | D:8      | Found a shimmering altar of Xom.
 12291 | D:8      | Found a glowing golden altar of the Shining One.
 12301 | D:8      | Found a hazy altar of Hepliaklqana.
 12301 | D:8      | Found an ornate altar of the Wu Jian Council.
 12303 | D:8      | Found a blossoming altar of Fedhas.
 12304 | D:8      | Found a glowing silver altar of Zin.
 12974 | D:8      | Found a stormy altar of Qazlal.
 13831 | D:10     | Entered Level 10 of the Dungeon
 13834 | D:10     | Noticed a komodo dragon
 13868 | D:10     | Killed a komodo dragon
 14591 | D:10     | Noticed Erica
 14608 | D:10     | Killed Erica
 14608 | D:10     | Reached XP level 10. HP: 23/49 MP: 19/25
 15382 | D:11     | Noticed a brown ugly thing
 15392 | D:11     | Killed a brown ugly thing
 15392 | D:11     | Reached skill level 10 in Spellcasting
 15621 | D:11     | Reached skill level 5 in Hexes
 15721 | D:11     | Reached **** piety under Sif Muna
 15946 | D:11     | Learned a level 3 spell: Regeneration
 16105 | D:11     | Noticed a gargoyle
 16135 | D:11     | Killed a gargoyle
 16362 | Lair:1   | Entered Level 1 of the Lair of Beasts
 16736 | Lair:1   | Noticed a spiny frog
 16752 | Lair:1   | Killed a spiny frog
 16818 | Lair:1   | Noticed a spiny frog
 16844 | Lair:1   | Killed a spiny frog
 17436 | Lair:2   | Noticed a black mamba
 17457 | Lair:2   | Killed a black mamba
 18408 | Lair:3   | Noticed a seven-headed hydra
 18415 | Lair:3   | Killed a seven-headed hydra
 18415 | Lair:3   | Reached skill level 5 in Invocations
 18466 | Lair:3   | Noticed a five-headed hydra
 18498 | Lair:3   | Killed a five-headed hydra
 18713 | Lair:3   | Noticed Rupert
 18729 | Lair:3   | Reached XP level 11. HP: 54/54 MP: 8/28
 18916 | Lair:3   | Noticed Snorg
 18947 | Lair:3   | Killed Snorg
 18947 | Lair:3   | Reached skill level 1 in Fighting
 18947 | Lair:3   | Reached skill level 5 in Air Magic
 19087 | Lair:3   | Noticed Sonja
 19098 | Lair:3   | Killed Sonja
 19139 | Lair:3   | Found a staircase to the Shoals.
 19139 | Lair:3   | Noticed an eight-headed hydra
 19182 | Lair:3   | Killed an eight-headed hydra
 19303 | Lair:3   | Reached ***** piety under Sif Muna
 19528 | Lair:3   | Killed Rupert
 19528 | Lair:3   | Received a gift from Sif Muna
 19538 | Lair:3   | Learned a level 5 spell: Summon Mana Viper
 19859 | Lair:4   | Found a staircase to the Snake Pit.
 19859 | Lair:4   | Noticed Josephine
 20337 | Lair:4   | Found a sacrificial altar of Ru.
 20384 | Lair:4   | Killed Josephine
 21349 | Lair:5   | Noticed a six-headed hydra
 21371 | Lair:5   | Killed a six-headed hydra
 21816 | Lair:6   | Entered Level 6 of the Lair of Beasts
 22410 | Lair:6   | Slain by a blink frog

Skill      XL: |  1  2  3  4  5  6  7  8  9 10 11 |
---------------+----------------------------------+-----
Summonings     | 5 6 7 8 10 11 12 | 12.3
Spellcasting   | 4 5 6 8 9 11 12 | 12.9
Dodging        | 3 5 6 7 8 |  8.1
Hexes          | 1 4 6 7 |  7.1
Invocations    | 1 3 5 6 |  6.6
Air Magic      | 1 3 4 5 |  5.4
Fighting       | 3 |  3.0
Stealth        | |  2.4

Action                   |  1- 3 |  4- 6 |  7- 9 | 10-12 || total
-------------------------+-------+-------+-------+-------++-------
Melee: Unarmed           |    27 |       |       |       ||    27
       Dagger            |   197 |   176 |   240 |   158 ||   771
       Club              |     9 |       |       |       ||     9
       Quarterstaff      |       |    15 |       |       ||    15
       War axe           |       |    12 |    98 |       ||   110
 Cast: Summon Small Mamm |     8 |       |       |     1 ||     9
       Call Imp          |    11 |     8 |     8 |     9 ||    36
       Call Canine Famil |     6 |    14 |    50 |    43 ||   113
       Summon Guardian G |       |       |     2 |    10 ||    12
       Summon Lightning  |       |       |     2 |    30 ||    32
       Summon Mana Viper |       |       |       |    28 ||    28
Evoke: Wand              |       |       |       |     3 ||     3
  Use: Potion            |     1 |       |     1 |       ||     2
 Stab: Sleeping          |     6 |       |       |       ||     6
       Distracted        |     1 |     2 |     1 |     3 ||     7
  Eat: Chunk             |     9 |     9 |    18 |    13 ||    49
       Ration            |       |       |     3 |     4 ||     7
Armor: Robe              |    95 |    46 |    40 |    20 ||   201
Dodge: Dodged            |   297 |   191 |   293 |   186 ||   967
